Map: Blueshift LE

Players

HIGUMA - Winner!

  • Race: Terran Terran
  • League: Platinum
  • Spawn Location: 1:00

LaVeyan

  • Race: Zerg Zerg
  • Spawn Location: 7:00

VOD

Have the link to the VOD?

Description

Time

  • Played on: Aug. 15, 2018, 1:07 a.m.
  • Length: 13:18
Show
View Real Time Build Order
Export as new Build Order

HIGUMA Terran - Winner!

Build Orders:  

Get SALT Encoding   

  12  0:01  SCV  
  13  0:13  SCV  
  14  0:17  Supply Depot  
  14  0:25  SCV  
  15  0:29  Refinery  
  15  0:39  SCV  
  16  0:46  Barracks  
  16  0:51  SCV  
  17  1:03  SCV  
  18  1:15  SCV  
  20  1:34  Reaper  
  20  1:35  Orbital Command  
  20  1:48  Command Center  
  20  2:02  SCV  
  20  2:04  Factory  
  21  2:14  Supply Depot  
  21  2:15  SCV  
  22  2:20  Refinery  
  22  2:30  Barracks Reactor  
  22  2:42  SCV  
  23  2:55  SCV  
  24  3:00  SCV  
  24  3:02  Starport  
  25  3:07  SCV  
  25  3:12  Supply Depot, Orbital Command  
  26  3:27  Barracks Tech Lab  
  26  3:31  Hellion x2  
  30  3:35  SCV  
  30  3:38  SCV  
  32  3:42  Refinery  
  32  3:43  Refinery  
  32  3:47  SCV  
  33  3:50  SCV  
  37  3:55  Hellion  
  37  3:56  Hellion  
  37  3:59  SCV  
  37  4:00  Orbital Command  
  37  4:02  Marauder  
  39  4:05  Medivac  
  39  4:16  SCV  
  39  4:28  Hellion x2  
  39  4:30  Marauder  
  45  4:32  Concussive Shells  
  45  4:38  SCV x2  
  42  4:49  Hellion  
  44  4:53  SCV  
  44  4:54  SCV  
  46  5:00  Supply Depot  
  46  5:08  Armory, SCV  
  47  5:15  SCV  
  47  5:20  SCV  
  47  5:21  Marauder  
  51  5:24  Starport Reactor  
  51  5:29  SCV  
  51  5:31  Supply Depot  
  44  5:41  Hellion x2  
  43  6:02  Hellion x2  
  45  6:21  Liberator x2  
  45  6:24  Hellbat x2  
  50  6:25  SCV x2  
  51  6:37  SCV  
  51  6:38  SCV  
  59  6:47  Barracks  
  59  6:53  Ghost Academy  
  59  6:56  Hellbat  
  61  7:03  Supply Depot  
  61  7:07  Supply Depot  
  61  7:09  Supply Depot  
  61  7:11  Liberator x2, SCV  
  61  7:15  Supply Depot  
  62  7:24  Hellbat, Widow Mine  
  72  7:31  SCV  
  72  7:32  SCV  
  72  7:35  Barracks  
  74  7:44  SCV x2  
  76  7:46  Widow Mine  
  76  7:47  Barracks Tech Lab  
  76  7:48  Refinery  
  78  7:56  Liberator  
  78  7:57  Liberator  
  78  8:04  Ghost  
  80  8:10  Ghost  
  82  8:14  SCV  
  82  8:15  SCV  
  82  8:17  Terran Vehicle Weapons Level 1  
  90  8:29  Hellbat x2  
  90  8:32  Ghost  
  96  8:37  Barracks Tech Lab  
  96  8:42  SCV  
  96  8:44  Supply Depot  
  97  8:50  Hellbat, Ghost  
  101  9:06  Ghost  
  100  9:11  SCV  
  100  9:12  SCV  
  100  9:13  Ghost  
  102  9:19  Ghost  
  104  9:25  Hellbat x2  
  104  9:32  Medivac  
  104  9:34  Ghost  
  108  9:41  Ghost, Supply Depot  
  110  9:46  Widow Mine  
  110  9:47  Widow Mine  
  110  9:48  Marauder  
  116  9:53  Supply Depot  
  116  9:57  Personal Cloaking  
  116  10:03  Marauder  
  118  10:07  Viking  
  120  10:20  Ghost  
  122  10:22  Hellbat x2  
  126  10:41  Viking x2  
  130  10:43  Hellbat  
  130  10:44  Hellbat  
  119  10:59  Ghost  
  121  11:11  Viking  
  121  11:13  Marauder x2  
  121  11:14  Widow Mine x2  
  123  11:35  Hellion  
  123  11:36  Hellion  
  113  11:54  Ghost x3  
  113  11:57  Hellbat x2  
  122  12:22  Ghost  
  122  12:23  Ghost  
  126  12:32  Ghost  
  126  12:35  Hellbat x2  
  130  12:42  Medivac  
  132  12:55  Marauder  
  134  13:01  Supply Depot  
Show
View Real Time Build Order
Export as new Build Order

LaVeyan Zerg 

Build Orders: Pool First 

Get SALT Encoding   

  12  0:01  Drone  
  13  0:12  Overlord  
  13  0:19  Drone  
  14  0:32  Drone  
  15  0:37  Spawning Pool  
  15  0:41  Drone  
  15  1:04  Hatchery  
  15  1:08  Drone  
  15  1:11  Extractor  
  15  1:15  Drone  
  15  1:25  Queen  
  17  1:39  Drone  
  18  1:49  Drone  
  18  1:50  Overlord  
  19  1:58  Zergling x2  
  20  2:17  Zergling x2  
  20  2:18  Drone x2  
  23  2:26  Queen  
  23  2:28  Drone x2  
  26  2:48  Drone x2  
  26  2:49  Zergling x2  
  26  2:50  Zergling x2  
  29  2:53  Spine Crawler  
  29  2:56  Metabolic Boost  
  29  2:58  Drone  
  29  3:00  Zergling x2  
  29  3:01  Zergling x2  
  31  3:14  Drone x2  
  34  3:27  Drone x2  
  35  3:42  Drone, Extractor  
  35  3:43  Overlord  
  35  3:44  Extractor, Overlord  
  34  3:50  Hatchery  
  33  3:58  Zergling x2  
  33  3:59  Zergling x2  
  33  4:02  Zergling x6  
  38  4:03  Drone x2  
  40  4:15  Drone x2  
  40  4:16  Lair  
  40  4:39  Zergling x2  
  40  4:40  Zergling x10  
  43  4:51  Drone x3  
  46  4:57  Drone  
  46  4:58  Drone x2  
  49  5:04  Drone x2  
  51  5:07  Evolution Chamber  
  51  5:08  Evolution Chamber  
  51  5:14  Drone x3  
  52  5:16  Extractor  
  52  5:17  Queen  
  46  5:58  Drone x6  
  46  5:59  Drone x4  
  46  6:00  Overlord  
  54  6:19  Drone x3  
  54  6:20  Drone  
  54  6:24  Spire  
  54  6:25  Drone x2, Spire  
  58  6:37  Drone x2  
  58  6:38  Drone x4, Overlord  
  64  6:44  Extractor  
  64  6:46  Extractor  
  62  6:52  Hatchery  
  61  6:58  Overlord x2  
  61  6:59  Overlord x2  
  61  7:02  Zerg Melee Weapons Level 1  
  61  7:03  Zerg Ground Armor Level 1  
  61  7:04  Drone, Overlord  
  61  7:05  Drone x2  
  64  7:21  Queen  
  66  7:24  Hatchery  
  65  7:37  Mutalisk, Zerg Flyer Armor Level 1, Corruptor, Zerg Flyer Weapons Level 1  
  65  7:38  Corruptor  
  71  8:04  Spore Crawler  
  70  8:06  Spore Crawler  
  70  8:07  Spore Crawler  
  70  8:08  Drone, Spore Crawler  
  70  8:09  Drone x5, Spore Crawler  
  70  8:10  Mutalisk x2, Corruptor x2  
  80  8:15  Burrow  
  80  8:18  Pneumatized Carapace  
  80  8:19  Drone  
  81  8:47  Queen  
  83  8:49  Mutalisk x3, Corruptor x3  
  83  8:50  Corruptor  
  89  9:24  Spine Crawler  
  89  9:25  Mutalisk x2, Corruptor x3  
  89  9:26  Mutalisk x3, Corruptor x2  
  108  9:55  Corruptor  
  108  9:56  Mutalisk, Corruptor x2, Drone x2  
  118  10:00  Overlord x5  
  118  10:13  Queen  
  114  10:15  Mutalisk  
  114  10:16  Mutalisk  
  116  10:23  Mutalisk, Corruptor, Overlord x2  
  120  10:37  Mutalisk  
  120  10:38  Mutalisk  
  120  10:40  Drone x4  
  120  10:41  Drone x6  
  102  10:58  Zergling x6  
  102  10:59  Zergling x14  
  108  11:08  Zergling x4  
  108  11:10  Mutalisk x2, Zergling x4  
  108  11:11  Mutalisk, Zergling x8  
  117  11:23  Corruptor  
  117  11:24  Mutalisk  
  110  11:26  Zergling x4  
  104  11:36  Mutalisk  
  104  11:38  Mutalisk  
  74  11:55  Mutalisk  
  74  11:56  Mutalisk  
  74  11:58  Zergling x2  
  74  11:59  Zergling x14  
  82  12:04  Drone  
  83  12:12  Spine Crawler  
  83  12:13  Spine Crawler  
  83  12:14  Spine Crawler  
  80  12:17  Spine Crawler  
  80  12:18  Spine Crawler  
  67  12:26  Spine Crawler  
  67  12:27  Spine Crawler  
  67  12:28  Spine Crawler  
  61  12:30  Spine Crawler  
  61  12:31  Spine Crawler, Mutalisk  
  38  12:39  Mutalisk  
  38  12:48  Spine Crawler  
Tags
 
League
Platinum
Matchup
TvZ
Opening
Pool First
Spawn Locations
Cross Positions
Add a new tag
Caveats
  • Supply blocks, unpowered buildings, or Contaminate may cause inaccurate times.
  • Supply counts are checked every 10 seconds.